 Dungeon Crawl Stone Soup version 0.29.1-12-g30fa7ad0bf (webtiles) character file.

Game seed: 851074650691644585

1828 SaifuuSuri the Covered (level 9, -5/63 (69) HPs)
             Began as a Human Monk on Dec 30, 2022.
             Was an Elder of Zin.
             Slain by a wight
             ... wielding a +5 morningstar
              (7 damage)
             ... on level 7 of the Dungeon on Jan 8, 2023.
             The game lasted 01:25:12 (7629 turns).

SaifuuSuri the Covered (Human Monk)                 Turns: 7629, Time: 01:25:13

HP:   -5/63 (69)    AC: 17    Str: 16    XL:     9   Next: 32%
MP:   12/12         EV:  8    Int: 14    God:    Zin [****..]
Gold: 418           SH:  5    Dex: 16    Spells: 8/8 levels left

rFire   . . .      SeeInvis .   p - +2 dagger (venom)
rCold   + . .      Faith    .   K - orb {light}
rNeg    . . .      Spirit   .   s - +0 chain mail {rPois}
rPois   +          Reflect  +   (no helmet)
rElec   .          Harm     .   (no cloak)
rCorr   .          Rampage  .   (no gloves)
Will    +....                   i - +2 pair of boots
Stlth   ..........              H - amulet of Iczoc {Reflect Will+ Int+4 SH+5}
HPRegen 0.20/turn               j - +4 ring of protection
MPRegen 0.13/turn               t - ring of protection from cold

@: glowing, drained
A: no striking features
a: Renounce Religion, Recite, Vitalisation, Imprison, Donate Gold


You were on level 7 of the Dungeon.
You worshipped Zin.
Zin was greatly pleased with you.
You visited 2 branches of the dungeon, and saw 10 of its levels.

You collected 464 gold pieces.
You donated 46 gold pieces to Zin.

Inventory:

Hand Weapons
 p - a +2 dagger of venom (weapon)
 E - a +0 long sword of flaming
Missiles
 h - 118 stones (quivered)
 A - 6 poisoned darts
Armour
 i - a +2 pair of boots (worn)
 s - a +0 chain mail of poison resistance (worn)
 K - an orb of light (worn)
Jewellery
 e - a ring of protection from cold
 j - a +4 ring of protection (left hand)
 q - a ring of ice
 t - a ring of protection from cold (right hand)
 x - a ring of protection from cold
 B - a ring of wizardry
 H - the amulet of Iczoc (around neck) {Reflect Will+ Int+4 SH+5}
   (You found it on level 6 of the Dungeon)

   [amulet of reflection]

   It reflects blocked missile attacks.
   Int:       It affects your intelligence (+4).
   SH:        It affects your SH (+5).
   Will:      It increases your willpower.
Wands
 u - a wand of iceblast (2)
Scrolls
 b - a scroll of vulnerability
 c - a scroll of torment {unknown}
 f - a scroll of fear {unknown}
 g - 2 scrolls of enchant armour
 k - a scroll of summoning {unknown}
 n - a scroll of enchant weapon {unknown}
 o - 2 scrolls of immolation
 v - a scroll of poison
 y - a scroll of identify
 C - a scroll of blinking
 D - a scroll of teleportation {unknown}
 F - a scroll of brand weapon
 I - a scroll of silence {unknown}
Potions
 a - 4 potions of heal wounds
 d - 4 potions of curing
 l - 3 potions of degeneration
 m - 2 potions of resistance
 r - a potion of ambrosia
 w - a potion of might
 z - a potion of flight {unknown}
 G - a potion of cancellation {unknown}
 J - a potion of mutation {unknown}


   Skills:
 - Level 5.8 Fighting
 * Level 6.3 Short Blades
 - Level 7.1 Armour
 - Level 3.0 Dodging
 - Level 2.0 Stealth
 * Level 5.0 Invocations


You had 8 spell levels left.
You didn't know any spells.
Your spell library contained the following spells:

 Spells                   Type           Power      Damage    Failure   Level
 Magic Dart               Conj           0%         1d3       98%         1
 Slow                     Hex            0%         N/A       98%         1
 Blink                    Tloc           0%         N/A       99%         2
 Call Imp                 Summ           0%         N/A       99%         2
 Confusing Touch          Hex            0%         N/A       100%        3
 Dazzling Flash           Conj/Hex       0%         N/A       100%        3
 Gell's Gravitas          Tloc           0%         N/A       100%        3
 Lesser Beckoning         Tloc           0%         N/A       100%        3
 Mephitic Cloud           Conj/Pois/Air  0%         N/A       100%        3
 Ozocubu's Armour         Ice            0%         N/A       100%        3
 Teleport Other           Tloc           0%         N/A       100%        3
 Vampiric Draining        Necr           0%         2d6       100%        3
 Agony                    Necr           0%         N/A       100%        5
 Manifold Assault         Tloc           0%         N/A       100%        5
 Silence                  Hex/Air        0%         N/A       100%        5
 Ozocubu's Refrigeration  Ice            0%         4d7       100%        7


Dungeon Overview and Level Annotations

Branches:
Dungeon (9/15)             Temple (1/1) D:6
   Lair: D:8-11         Orc: D:9-12

Altars:
Ashenzari
Cheibriados
Dithmenos
Elyvilon
Fedhas
Gozag
Hepliaklqana
Kikubaaqudgha
Makhleb
Nemelex Xobeh
Okawaru
Qazlal
Ru
Sif Muna
Trog
Uskayaw
Vehumet
Wu Jian
Xom
Yredelemnul
Zin
The Shining One

Shops:
D:3 =   D:4 **

Annotations:
D:3 Ring of Fire Poison INT


Message History

You feel drained.
You hit the wight.
The wight is heavily damaged.
The wight hits you with a +5 morningstar!
You hit the wight.
The wight is heavily damaged.
You hit the wight.
The wight is almost destroyed.
The wight hits you with a +5 morningstar!
* * * LOW HITPOINT WARNING * * *
You see here a black bear corpse.
The wight attacks as you move away! The wight barely misses you.
The wight attacks as you move away! You block the wight's attack.
You barely miss the wight.
The wight is severely damaged.
You hit the wight but do no damage.
The wight is severely damaged.
You hit the wight but do no damage.
The wight is severely damaged.
The wight hits you with a +5 morningstar!
* * * LOW HITPOINT WARNING * * *
You feel drained.
* * * LOW HITPOINT WARNING * * *
The wight hits you with a +5 morningstar!
Zin protects you from harm!
You hit the wight but do no damage.
The wight is severely damaged.
The wight barely misses you.
You hit the wight but do no damage.
The wight is severely damaged.
You barely miss the wight.
The wight is severely damaged.
The wight closely misses you. The wight barely misses you.
You hit the wight.
The wight is almost destroyed.
The wight hits you with a +2 flail.
* * * LOW HITPOINT WARNING * * *
You feel drained.
The wight hits you with a +5 morningstar!
You die...

#.#*#.# #.####..# #.##
#.#*..# #.# *,.# #...
*..,.#* #.####..# ####
*,*,,* #.$)z...#*****
*,*,,* #†####....,,,*
*,*,,* #.# *,,*#**,*
*,*,,* #.####..#***,*
*****,*,,*
##z.......,**,*
*,,,,,,,,*
#@z......#,**,*
*,***,*,,*
#z#####.##,**,* *,*
*,*,,**#.# *,..,,,,*
**,***,*,,,,..# ****,****
**,*,**,*,,*####***** *,*
*,***,*,*,,,,,,,,,,,***,*
**,*,**<**,***,,,,,,,,,,*
**,***,**,**,,,,,,,,,,,*
*,*
*,*,,**,,****,***,*******


You could see 3 wights.

Vanquished Creatures
  3 water moccasins
  An ice beast (D:5)
  2 ogres
  2 black bears
  2 phantoms (D:5)
  4 bullfrogs
  A scorpion (D:7)
  A wight (D:7)
  3 hounds
  2 orc priests
  3 iguanas
  3 orc wizards
  4 gnolls (D:3)
  7 adders
  A white imp (D:6)
  An ufetubus (D:5)
  3 worms (D:5)
  The ghost of wormed the Covert, a weakling GnDe (D:6)
  10 dart slugs
  20 orcs
  2 ball pythons
  9 bats
  4 endoplasms
  3 giant cockroaches
  8 hobgoblins
  6 quokkas
  10 goblins
  6 kobolds
  7 rats
129 creatures vanquished.

Vanquished Creatures (others)
  4 plants (D:7)
4 creatures vanquished.

Grand Total: 133 creatures vanquished

Notes
Turn   | Place    | Note
-------+----------+-------------------------------------------
     0 | D:1      | SaifuuSuri the Human Monk began the quest for the Orb.
     0 | D:1      | Reached XP level 1. HP: 18/18 MP: 1/1
   218 | D:1      | Found a faded altar of an unknown god.
   290 | D:1      | Reached XP level 2. HP: 24/24 MP: 2/2
  1147 | D:2      | Reached XP level 3. HP: 29/29 MP: 3/3
  1813 | D:2      | Reached XP level 4. HP: 37/37 MP: 4/4
  2268 | D:3      | Reached XP level 5. HP: 39/42 MP: 5/5
  2286 | D:3      | Found Bulucim's Jewellery Boutique.
  2500 | D:3      | Reached skill level 1 in Armour
  3315 | D:3      | You fall into a shaft and drop 1 floor!
  3559 | D:4      | Found Kier's Overcharged Wands.
  3597 | D:4      | Reached skill level 2 in Armour
  3597 | D:4      | Reached XP level 6. HP: 42/49 MP: 6/6
  4054 | D:4      | Found Douxkonk's Fire Supplies.
  4116 | D:4      | Found a hazy altar of Hepliaklqana.
  4163 | D:5      | Entered Level 5 of the Dungeon
  4169 | D:5      | Found a sand-covered staircase.
  4181 | D:5      | Noticed a water moccasin
  4199 | D:5      | Killed a water moccasin
  4200 | D:5      | Reached skill level 3 in Armour
  4200 | D:5      | Reached XP level 7. HP: 19/55 MP: 7/7
  4215 | D:5      | Reached skill level 5 in Short Blades
  4229 | D:5      | Reached skill level 5 in Fighting
  4356 | D:5      | Reached skill level 4 in Armour
  4593 | D:5      | Reached XP level 8. HP: 55/63 MP: 8/8
  4635 | D:5      | Found a sacrificial altar of Ru.
  4635 | D:5      | Found a radiant altar of Vehumet.
  4816 | D:5      | Reached skill level 5 in Armour
  5456 | D:5      | Found a glowing golden altar of the Shining One.
  5667 | D:6      | Found a staircase to the Ecumenical Temple.
  5812 | Temple   | Entered the Ecumenical Temple
  5818 | Temple   | Became a worshipper of Zin the Law-Giver
  5818 | Temple   | Reached * piety under Zin
  5818 | Temple   | Reached ** piety under Zin
  5818 | Temple   | Reached *** piety under Zin
  6081 | D:6      | Found a runed translucent gate.
  6082 | D:6      | Found a runed translucent gate.
  6083 | D:6      | Found a runed translucent gate.
  6085 | D:6      | Noticed wormed's ghost (weakling GnDe)
  6101 | D:6      | Killed wormed's ghost
  6168 | D:6      | Found a stormy altar of Qazlal.
  6265 | D:6      | You fall into a shaft and drop 3 floors!
  6317 | D:8      | Reached skill level 1 in Invocations
  6353 | D:8      | Reached skill level 6 in Armour
  6630 | D:7      | Reached XP level 9. HP: 62/69 MP: 11/11
  6894 | D:6      | Reached **** piety under Zin
  7151 | D:6      | Reached skill level 7 in Armour
  7204 | D:6      | Identified the amulet of Iczoc {Reflect Will+ Int+4 SH+5}
  7533 | D:7      | Found a blossoming altar of Fedhas.
  7607 | D:7      | Reached skill level 5 in Invocations
  7625 | D:7      | HP: 2/64 [wight/+5 morningstar (2)]
  7625 | D:7      | Zin protects you from harm!
  7629 | D:7      | Slain by a wight

Illustrated notes

Levels and vault maps discovered:
D:1:      saegor_arrival_simple_c, layout_basic,
          shapermc_ecumenical_altar_petra, minmay_tromino_v2
D:2:      layout_rooms, chequers_arboretum
D:3:      kennysheep_slugbush, layout_loops_ring, serial_shops,
          nicolae_shop_behind_doors
D:4:      layout_cave_pools, nzn_hepliaklqana_mist_gate, nicolae_hexahallways,
          nicolae_shop_fire_sale [nicolae_sub_dead_trees],
          nicolae_shop_overcharged_wands
D:5:      layout_basic, jmf_multi_god_temple, mainiacjoe_overflow_alcove_2,
          enter_ossuary_1
D:6:      layout_loops_ring, lemuel_coloured_pillars_altar,
          minmay_temple_entry_mist, ebering_ghost_rock_garden
D:7:      layout_loops_ring, fedhas_ov_isle_minmay
D:8:      layout_basic, serial_shops, shop_statue
D:9:      layout_rooms, serial_shops, nicolae_square_shop,
          kennysheep_generic_room_7
Temple:   eino_temple_rhombus

Skill      XL: |  1  2  3  4  5  6  7  8  9 |
---------------+----------------------------+-----
Fighting       | 4 5 |  5.8
Short Blades   | 4 5 6 |  6.3
Armour         | 2 3 4 6 7 |  7.1
Invocations    | 3 5 |  5.0
Dodging        | |  3.0
Stealth        | |  2.0

Action                   |  1- 3 |  4- 6 |  7- 9 || total
-------------------------+-------+-------+-------++-------
Melee: Short sword       |   142 |       |       ||   142
       Punch             |     1 |     1 |     4 ||     6
       Dagger            |     8 |   236 |   323 ||   567
Throw: Stone             |       |     1 |       ||     1
       Throwing net      |       |     1 |     2 ||     3
Invok: Recite            |       |       |    10 ||    10
  Use: Scroll            |     1 |     2 |    11 ||    14
       Potion            |       |       |     2 ||     2
 Stab: Sleeping          |     6 |     1 |       ||     7
       Confused          |       |       |     1 ||     1
Armor: Robe              |    22 |       |       ||    22
       Ring mail         |    31 |    78 |       ||   109
       Chain mail        |       |    56 |   192 ||   248
Dodge: Dodged            |    96 |    94 |   121 ||   311
Block: Orb               |       |       |    12 ||    12
       Other             |       |       |     2 ||     2
